2969 views
Uploaded 2020-04-11 01:31:13
Game version 1.32.3
35:43 long 1on1 ladder game on (2)TerenasStand_LV
Saved by BEARAND
2969 views
Uploaded 2020-04-11 01:31:13
Game version 1.32.3
35:43 long 1on1 ladder game on (2)TerenasStand_LV

77 units @ 11.6k
/ 1.5k
16 buildings @ 2.8k
/ 1k


| Healing Salve | 3 | 300 |
| Lesser Clarity Potion | 3 | 210 |
| Orb of Lightning | 1 | 375 |
| Tiny Great Hall | 1 | 600 |
| Scroll of Town Portal | 2 | 700 |
| Potion of Lesser Invulnerability | 1 | 150 |
| total: | 11 | 2335g |
| Peon | 37 | 2775 | / | 0 |
| Grunt | 6 | 1200 | / | 0 |
| Wind Rider | 11 | 2915 | / | 440 |
| Demolisher | 13 | 2860 | / | 650 |
| Raider | 9 | 1620 | / | 360 |
| Kodo Beast | 1 | 255 | / | 60 |
| total: | 77 | 11625g | / | 1510w |
| Orc Burrow | 9 | 1440 | / | 360 |
| Altar of Storms | 1 | 180 | / | 50 |
| Barracks | 1 | 180 | / | 50 |
| Voodoo Lounge | 1 | 130 | / | 30 |
| War Mill | 1 | 205 | / | 0 |
| Great Hall | 1 | 385 | / | 185 |
| Beastiary | 2 | 290 | / | 280 |
| Stronghold | 1 | 315 | / | 190 |
| Fortress | 1 | 325 | / | 190 |
| total: | 16 | 2810g | / | 955w |
| 0:04 | Peon |
| 0:04 | Peon |
| 0:09 | Orc Burrow |
| 0:22 | Altar of Storms |
| 0:26 | Peon |
| 0:36 | Barracks |
| 0:45 | Peon |
| 0:55 | Peon |
| 1:13 | Peon |
| 1:20 | Orc Burrow |
| 1:40 | Grunt |
| 2:01 | Grunt |
| 2:36 | Wind Walk |
| 2:45 | Grunt |
| 2:48 | Stronghold |
| 4:11 | Grunt |
| 4:13 | Orc Burrow |
| 4:21 | Voodoo Lounge |
| 4:47 | Grunt |
| 5:14 | Orc Burrow |
| 5:17 | Beastiary |
| 5:27 | Healing Salve |
| 5:28 | Lesser Clarity Potion |
| 5:34 | Healing Salve |
| 5:35 | Lesser Clarity Potion |
| 5:47 | Beastiary |
| 6:15 | War Mill |
| 6:36 | Healing Wave |
| 6:50 | Wind Rider |
| 6:57 | Wind Rider |
| 8:08 | Critical Strike |
| 8:25 | Great Hall |
| 8:32 | Wind Rider |
| 8:35 | Berserker Strength |
| 8:52 | Hex |
| 9:33 | Fortress |
| 9:37 | Wind Rider |
| 10:24 | Potion of Lesser Invulnerability |
| 11:26 | Demolisher |
| 11:26 | Demolisher |
| 11:27 | Wind Rider |
| 11:36 | Peon |
| 11:36 | Peon |
| 11:36 | Peon |
| 11:39 | Peon |
| 11:51 | Healing Salve |
| 11:58 | Lesser Clarity Potion |
| 12:09 | Demolisher |
| 12:28 | Orc Burrow |
| 12:39 | Orc Burrow |
| 13:25 | Orb of Lightning |
| 13:26 | Tiny Great Hall |
| 13:37 | Wind Rider |
| 13:47 | Healing Wave |
| 14:26 | Wind Walk |
| 14:56 | Peon |
| 14:57 | Peon |
| 14:57 | Peon |
| 14:57 | Peon |
| 14:57 | Peon |
| 15:01 | Demolisher |
| 15:05 | Envenomed Spears |
| 15:07 | Burning Oil |
| 15:09 | Steel Armor |
| 16:09 | Peon |
| 16:59 | Demolisher |
| 17:01 | Wind Rider |
| 17:02 | Wind Rider |
| 17:06 | Steel Melee Weapons |
| 17:06 | Steel Ranged Weapons |
| 17:08 | Demolisher |
| 17:54 | Wind Rider |
| 17:59 | Orc Burrow |
| 18:34 | Demolisher |
| 19:58 | Peon |
| 19:58 | Peon |
| 19:58 | Peon |
| 19:58 | Peon |
| 19:59 | Peon |
| 20:23 | Thorium Armor |
| 20:24 | Thorium Melee Weapons |
| 20:24 | Thorium Ranged Weapons |
| 21:29 | Wind Rider |
| 21:31 | Grunt |
| 21:36 | Orc Burrow |
| 21:38 | Orc Burrow |
| 22:11 | Arcanite Ranged Weapons |
| 23:14 | Demolisher |
| 24:07 | Demolisher |
| 24:12 | Arcanite Armor |
| 25:13 | Scroll of Town Portal |
| 25:15 | Scroll of Town Portal |
| 25:20 | Hex |
| 26:04 | Peon |
| 26:04 | Peon |
| 26:04 | Peon |
| 26:04 | Peon |
| 26:04 | Peon |
| 26:11 | Raider |
| 26:12 | Raider |
| 26:12 | Raider |
| 26:12 | Raider |
| 26:16 | Ensnare |
| 26:38 | Peon |
| 26:39 | Peon |
| 26:39 | Peon |
| 27:11 | Raider |
| 28:18 | Peon |
| 28:18 | Peon |
| 28:24 | Raider |
| 28:28 | Arcanite Melee Weapons |
| 29:02 | Raider |
| 30:15 | Wind Rider |
| 30:18 | Demolisher |
| 30:22 | Peon |
| 30:22 | Peon |
| 30:23 | Peon |
| 30:23 | Peon |
| 31:13 | Peon |
| 31:13 | Peon |
| 33:24 | Raider |
| 33:26 | Demolisher |
| 33:52 | Pillage |
| 34:01 | Kodo Beast |
| 34:03 | Demolisher |
| 34:34 | Raider |
| 34:36 | Demolisher |
| Right click | 927 |
| Select | 542 |
| Build/train/purchase | 138 |
| Misc. action | 88 |
| Use ability | 57 |
| Select group | 26 |
| Assign group | 15 |
| Remove unit | 3 |
| Item give/drop | 2 |
19 units @ 1.9k
/ 0.1k
76 buildings @ 3.9k
/ 2.2k



| Scroll of Regeneration | 3 | 300 |
| Potion of Healing | 1 | 150 |
| Staff of Sanctuary | 3 | 750 |
| Orb of Fire | 2 | 650 |
| Mechanical Critter | 4 | 200 |
| Boots of Speed | 3 | 750 |
| Staff of Teleportation | 3 | 450 |
| Periapt of Vitality | 1 | 325 |
| total: | 20 | 3575g |
| Peasant | 16 | 1200 | / | 0 |
| Priest | 1 | 135 | / | 10 |
| Sorceress | 1 | 155 | / | 20 |
| Goblin Shredder | 1 | 375 | / | 100 |
| total: | 19 | 1865g | / | 130w |
| Scout Tower | 61 | 1830 | / | 1220 |
| Arcane Tower | 5 | 350 | / | 250 |
| Guard Tower | 43 | 3010 | / | 2150 |
| Altar of Kings | 1 | 180 | / | 50 |
| Farm | 5 | 400 | / | 100 |
| Lumber Mill | 1 | 120 | / | 0 |
| Arcane Vault | 2 | 260 | / | 60 |
| Town Hall | 1 | 385 | / | 205 |
| Blacksmith | 1 | 140 | / | 60 |
| Barracks | 1 | 160 | / | 60 |
| Arcane Sanctum | 1 | 150 | / | 140 |
| Gryphon Aviary | 2 | 280 | / | 300 |
| Keep | 1 | 320 | / | 210 |
| Castle | 1 | 360 | / | 210 |
| total: | 76 | 3905g | / | 2195w |
| 0:01 | Peasant |
| 0:01 | Peasant |
| 0:02 | Peasant |
| 0:06 | Altar of Kings |
| 0:17 | Farm |
| 0:21 | Peasant |
| 0:26 | Lumber Mill |
| 0:49 | Peasant |
| 1:13 | Scout Tower |
| 1:18 | Farm |
| 1:20 | Peasant |
| 1:28 | Peasant |
| 1:29 | Peasant |
| 1:34 | Arcane Vault |
| 1:37 | Scout Tower |
| 1:41 | Arcane Tower |
| 1:43 | Peasant |
| 1:48 | Scout Tower |
| 1:51 | Peasant |
| 2:06 | Blizzard |
| 2:19 | Guard Tower |
| 2:20 | Peasant |
| 2:20 | Peasant |
| 2:20 | Peasant |
| 2:52 | Brilliance Aura |
| 3:05 | Scout Tower |
| 3:09 | Scout Tower |
| 3:09 | Scout Tower |
| 3:17 | Improved Masonry |
| 3:31 | Guard Tower |
| 3:33 | Peasant |
| 3:33 | Peasant |
| 3:40 | Boots of Speed |
| 3:41 | Staff of Teleportation |
| 3:57 | Keep |
| 4:05 | Guard Tower |
| 4:26 | Farm |
| 4:26 | Farm |
| 4:28 | Scout Tower |
| 4:46 | Scout Tower |
| 4:51 | Scroll of Regeneration |
| 5:06 | Scout Tower |
| 5:07 | Scout Tower |
| 5:11 | Scroll of Regeneration |
| 5:21 | Guard Tower |
| 5:51 | Guard Tower |
| 6:04 | Scout Tower |
| 6:05 | Scout Tower |
| 6:10 | Guard Tower |
| 6:23 | Arcane Sanctum |
| 6:50 | Guard Tower |
| 6:52 | Improved Lumber Harvesting |
| 6:52 | Advanced Masonry |
| 6:55 | Blizzard |
| 7:02 | Guard Tower |
| 7:04 | Scout Tower |
| 7:05 | Scout Tower |
| 7:18 | Storm Bolt |
| 7:33 | Guard Tower |
| 7:37 | Potion of Healing |
| 8:23 | Town Hall |
| 8:25 | Scout Tower |
| 8:27 | Scout Tower |
| 8:28 | Scout Tower |
| 8:30 | Scout Tower |
| 8:54 | Arcane Tower |
| 9:05 | Guard Tower |
| 9:13 | Guard Tower |
| 9:16 | Scout Tower |
| 9:17 | Scout Tower |
| 9:18 | Scout Tower |
| 9:37 | Castle |
| 9:43 | Guard Tower |
| 9:53 | Guard Tower |
| 10:12 | Scroll of Regeneration |
| 10:21 | Scout Tower |
| 10:22 | Scout Tower |
| 10:37 | Boots of Speed |
| 10:43 | Magic Sentry |
| 10:44 | Priest |
| 11:05 | Peasant |
| 11:07 | Scout Tower |
| 11:08 | Scout Tower |
| 11:09 | Scout Tower |
| 11:10 | Scout Tower |
| 11:23 | Scout Tower |
| 11:24 | Scout Tower |
| 11:24 | Scout Tower |
| 11:25 | Scout Tower |
| 11:26 | Scout Tower |
| 11:32 | Guard Tower |
| 11:53 | Arcane Vault |
| 11:55 | Staff of Teleportation |
| 11:58 | Periapt of Vitality |
| 12:01 | Staff of Sanctuary |
| 12:03 | Orb of Fire |
| 12:41 | Goblin Shredder |
| 12:44 | Bash |
| 12:59 | Brilliance Aura |
| 13:15 | Holy Light |
| 13:27 | Guard Tower |
| 13:30 | Scout Tower |
| 13:31 | Scout Tower |
| 13:40 | Boots of Speed |
| 13:51 | Staff of Sanctuary |
| 13:57 | Staff of Teleportation |
| 14:05 | Guard Tower |
| 14:11 | Orb of Fire |
| 14:15 | Guard Tower |
| 14:18 | Scout Tower |
| 14:19 | Scout Tower |
| 14:20 | Guard Tower |
| 14:21 | Guard Tower |
| 15:00 | Guard Tower |
| 15:00 | Guard Tower |
| 15:04 | Arcane Tower |
| 15:18 | Staff of Sanctuary |
| 15:21 | Guard Tower |
| 15:21 | Guard Tower |
| 15:24 | Guard Tower |
| 15:26 | Scout Tower |
| 15:27 | Scout Tower |
| 15:27 | Scout Tower |
| 15:27 | Scout Tower |
| 15:28 | Scout Tower |
| 15:28 | Scout Tower |
| 15:29 | Scout Tower |
| 15:32 | Imbued Masonry |
| 15:37 | Sorceress |
| 15:37 | Sorceress Adept Training |
| 16:08 | Scout Tower |
| 16:08 | Scout Tower |
| 16:09 | Scout Tower |
| 16:09 | Scout Tower |
| 16:10 | Scout Tower |
| 16:11 | Scout Tower |
| 16:15 | Guard Tower |
| 16:41 | Guard Tower |
| 16:45 | Priest Adept Training |
| 17:18 | Guard Tower |
| 17:19 | Guard Tower |
| 17:20 | Guard Tower |
| 17:41 | Guard Tower |
| 17:46 | Gryphon Aviary |
| 17:48 | Farm |
| 17:49 | Blacksmith |
| 17:54 | Barracks |
| 18:17 | Storm Bolt |
| 18:42 | Guard Tower |
| 18:47 | Scout Tower |
| 18:48 | Scout Tower |
| 18:50 | Scout Tower |
| 18:50 | Scout Tower |
| 19:21 | Divine Shield |
| 19:46 | Guard Tower |
| 19:52 | Guard Tower |
| 20:14 | Guard Tower |
| 20:15 | Scout Tower |
| 20:16 | Scout Tower |
| 20:47 | Guard Tower |
| 20:59 | Iron Forged Swords |
| 20:59 | Studded Leather Armor |
| 21:30 | Arcane Tower |
| 21:31 | Scout Tower |
| 21:32 | Scout Tower |
| 21:32 | Scout Tower |
| 21:33 | Scout Tower |
| 21:33 | Scout Tower |
| 21:34 | Scout Tower |
| 22:31 | Arcane Tower |
| 22:32 | Guard Tower |
| 23:07 | Steel Forged Swords |
| 23:08 | Reinforced Leather Armor |
| 23:08 | Guard Tower |
| 23:09 | Animal War Training |
| 23:54 | Guard Tower |
| 24:18 | Guard Tower |
| 25:29 | Holy Light |
| 25:51 | Blizzard |
| 26:24 | Mithril Forged Swords |
| 26:24 | Dragonhide Armor |
| 27:23 | Bash |
| 29:30 | Cloud |
| 29:31 | Storm Hammers |
| 31:45 | Divine Shield |
| 33:30 | Mechanical Critter |
| 33:30 | Mechanical Critter |
| 33:41 | Mechanical Critter |
| 33:41 | Mechanical Critter |
| 33:54 | Gryphon Aviary |
| 35:25 | Storm Bolt |
| 35:35 | Mass Teleport |
| Right click | 3417 |
| Select | 1077 |
| Select group | 646 |
| Build/train/purchase | 223 |
| Use ability | 159 |
| Chat | 99 |
| Misc. action | 25 |
| Item give/drop | 22 |
| Assign group | 14 |
| Remove unit | 2 |